 Dungeon Crawl Stone Soup version 0.15-a0-1788-ga796aff (webtiles) character file.

24 Econoterrorist the Ruffian (level 3, -4/31 HPs)
             Began as a Naga Transmuter on June 29, 2014.
             Slain by Sigmund
             ... wielding a +5 scythe of slicing
              (12 damage)
             ... on Level 2 of the Dungeon.
             The game lasted 00:04:33 (1548 turns).

Econoterrorist the Ruffian (Naga Transmuter)        Turns: 1548, Time: 00:04:34

HP  -4/31        AC  3     Str 12      XL: 3   Next:  2%
MP   4/6         EV 10     Int 14      God:
Gold 52          SH  0     Dex 11      Spells:  1 memorised,  5 levels left

rFire  . . .     SeeInvis +       - Unarmed
rCold  . . .     Clarity  +     c - +1 robe
rNeg   . . .     rCorr    .     (no shield)
rPois  +         rRot     .     (helmet restricted)
rElec  .         Spirit   .     (no cloak)
SustAb .         Warding  .     (no gloves)
rMut   .         Stasis   .     (no barding)
Gourm  .                        l - amulet of clarity
MR     .....                    (no ring)
                                (no ring)

@: appendage (expiring), very slightly contaminated, very slow, not resistant to
hostile enchantments, very unstealthy
A: spit poison, horns 2, see invisible, deformed body, poison resistance,
slowness 2, AC +1
a: Spit Poison, End Transformation


You were on level 2 of the Dungeon.
You were very hungry.
You had grown temporary horns.
You visited 1 branch of the dungeon, and saw 2 of its levels.

You collected 52 gold pieces.

Inventory:

Missiles
 b - 12 arrows
Armour
 c - a +1 robe (worn)
Comestibles
 a - 2 bread rations
 j - a royal jelly
 k - a slice of pizza
Scrolls
 h - a scroll of identify {unknown}
 i - 2 scrolls of enchant armour
 m - a scroll of remove curse {unknown}
Jewellery
 l - an amulet of clarity (around neck)
Books
 d - a book of Changes

   Spells                             Type                      Level
   *Beastly Appendage                 Transmutation                1
   Sticks to Snakes                   Transmutation                2
   Spider Form                        Transmutation/Poison         3
   Ice Form                           Ice/Transmutation            4
   Blade Hands                        Transmutation                5


   Skills:
 - Level 1.0 Fighting
 - Level 1.5 Dodging
 + Level 4.1 Unarmed Combat
 - Level 2.0 Spellcasting
 - Level 2.0 Transmutations


You had 5 spell levels left.
You knew the following spells:

 Your Spells              Type           Power        Failure   Level  Hunger
a - Beastly Appendage     Trmt           #.....       12%         1    ##.....


Dungeon Overview and Level Annotations

Branches:
Dungeon (2/15)

Altars:

Annotations:
D:2 Sigmund


Innate Abilities, Weirdness & Mutations

You cannot wear boots.
You can spit poison.
Your serpentine skin is tough (AC +1).
You have supernaturally acute eyesight.
Armour fits poorly on your strangely shaped body.
Your system is resistant to poisons.
You cover ground very slowly.
You have a pair of horns on your head.


Message History

Sigmund closely misses you. The giant gecko bites you.
* * * LOW HITPOINT WARNING * * *
Read which item? (? for menu, Esc to quit)
As you read the scroll labeled THUOFANEOWN, it crumbles to dust.
It is a scroll of enchant armour.
Enchant which item? (? for menu, Esc to quit)
Your +0 robe glows green for a moment.
The giant gecko barely misses you. Sigmund hits you but does no damage.
Read which item? (? for menu, Esc to quit)
As you read the scroll labeled TRAEMYNAFE, it crumbles to dust.
Forget which spell ([?*] list [ESC] exit)?
Forget which spell ([?*] list [ESC] exit)?
Okay, then.
It was a scroll of amnesia.
The giant gecko barely misses you.
Read which item? (? for menu, Esc to quit)
As you read the scroll labeled SELASH PIDWI, it crumbles to dust.
The creatures around you are filled with an inner flame!
It was a scroll of immolation.
Sigmund hits you from afar with a glowing scythe!
You die...

...#############
.......@l@.....#
........######.##
....... #..#
....... ##.#
....... #.######
###### #......#
#......# #......#
#......#


You could see Sigmund (inner flame) and a giant gecko (inner flame).

Vanquished Creatures
  2 ball pythons (D:1)
  4 bats (D:1)
  A giant cockroach (D:1)
  2 goblins
  5 hobgoblins (D:1)
  3 jackals (D:1)
  2 kobolds (D:1)
  3 rats (D:1)
22 creatures vanquished.

Notes
Turn   | Place    | Note
--------------------------------------------------------------
     0 | D:1      | Econoterrorist, the Naga Transmuter, began the quest for the Orb.
     0 | D:1      | Reached XP level 1. HP: 18/18 MP: 3/3
   216 | D:1      | Reached XP level 2. HP: 11/25 MP: 2/4
   989 | D:1      | Reached skill level 4 in Unarmed Combat
  1110 | D:1      | Reached XP level 3. HP: 7/31 MP: 6/6
  1532 | D:2      | Noticed Sigmund
  1548 | D:2      | Slain by Sigmund

Action                   || total
-------------------------++-------
Melee: Unarmed           ||   100
 Cast: Beastly Appendage ||     6
 Abil: Spit Poison       ||     2
  Use: Scroll            ||     3
       Potion            ||     2
